 Dungeon Crawl Stone Soup version 0.28-a0-998-gb9e9c7b67e (webtiles) character file.

Game seed: 14117528224584407019

283 ytrimaz the Skirmisher (level 6, -2/43 HPs)
             Began as an Octopode Fighter on Dec 5, 2021.
             Slain by an orc wizard (4 damage)
             ... on level 4 of the Dungeon.
             The game lasted 00:04:39 (3199 turns).

ytrimaz the Skirmisher (Octopode Fighter)           Turns: 3199, Time: 00:04:40

Health: -2/43      AC:  1    Str: 17    XL:     6   Next: 28%
Magic:  6/6        EV: 14    Int: 10    God:
Gold:   131        SH:  4    Dex: 12    Spells: 5/5 levels left

rFire   . . .      SeeInvis .   a - +1 rapier (freeze)
rCold   . . .      Faith    .   b - +0 buckler
rNeg    . . .      Spirit   .   (helmet restricted)
rPois   .          Reflect  .   (no amulet)
rElec   .          Harm     .   (no ring)
rCorr   .          Rampage  .   (no ring)
Will    .....                   (no ring)
Stlth   +++.......              (no ring)
HPRegen 0.14/turn               (no ring)
MPRegen 0.10/turn               (no ring)
                                (no ring)
                                (no ring)

@: mighty
A: almost no armour, amphibious, 8 rings, camouflage 1, gelatinous body 1,
(nimble swimmer 1), tentacles
a: no special abilities


You were on level 4 of the Dungeon.
You visited 1 branch of the dungeon, and saw 4 of its levels.

You collected 131 gold pieces.

Inventory:

Hand Weapons
 a - a +1 rapier of freezing (weapon)
Armour
 b - a +0 buckler (worn)
Scrolls
 e - a scroll of identify
 f - a scroll of fear
Potions
 c - 2 potions of might
 i - a potion of lignification


   Skills:
 + Level 4.2 Fighting
 + Level 3.7 Short Blades
 + Level 4.1 Dodging
 + Level 2.8 Stealth
 + Level 3.6 Shields


You had 5 spell levels left.
You didn't know any spells.
Your spell library contained the following spells:

 Spells                   Type           Power      Damage    Failure   Level
 Blink                    Tloc           0%         N/A       52%         2
 Lesser Beckoning         Tloc           0%         N/A       75%         3
 Manifold Assault         Tloc           0%         N/A       100%        5
 Summon Forest            Summ/Tloc      0%         N/A       100%        5
 Summon Mana Viper        Hex/Summ       0%         N/A       100%        5
 Summon Cactus Giant      Summ           0%         N/A       100%        6


Dungeon Overview and Level Annotations

Branches:
Dungeon (4/15)
 Temple: D:4-7

Altars:
Dithmenos
Wu Jian


Innate Abilities, Weirdness & Mutations

You cannot wear most types of armour.
You are amphibious.
You can wear up to eight rings at the same time.
Your skin changes colour to match your surroundings (Stealth+).
Your rubbery body absorbs attacks. (AC +1, EV +1)
((You are camouflaged near water. (Stealth+)))
You have tentacles for arms and can constrict up to eight enemies at once.


Message History

a +0 hand axe; a +0 dagger; a +0 leather armour You hit the orc wizard.
You freeze the orc wizard. Your grab misses the orc wizard.
The orc wizard is lightly wounded.
You closely miss the orc wizard. Your grab misses the orc wizard.
The orc wizard is lightly wounded.
The orc wizard gestures at you while chanting.
The magic dart hits you!
You barely miss the orc wizard. Your grab misses the orc wizard.
Your squeeze misses the orc wizard.
The orc wizard is lightly wounded.
The orc wizard barely misses you.
You barely miss the orc wizard. You grab the orc wizard.
The orc wizard is lightly wounded.
You constrict the orc wizard, but do no damage.
The orc wizard casts a spell at you. The magic dart hits you!
A giant cockroach comes into view.
You hit the orc wizard. You freeze the orc wizard.
The orc wizard is moderately wounded.
You constrict the orc wizard. The orc wizard closely misses you.
You puncture the orc wizard! You freeze the orc wizard.
You kill the orc wizard!
Deactivating autopickup; reactivate with Ctrl-A.
You completely miss something. Something hits you.
You barely miss something. Something hits you.
* * * LOW HITPOINT WARNING * * *
You hit something. You freeze something. Something barely misses you.
You hit something but do no damage. Your squeeze misses something.
Something hits you.
* * * LOW HITPOINT WARNING * * *
You barely miss something.
You hear some strange, mumbled words.
A magic dart appears from out of thin air!
The magic dart hits you!
* * * LOW HITPOINT WARNING * * *
Unknown command.
You feel very mighty all of a sudden. Something hits you.
You die...

.......# .......# .......#
#.....## #.....## #### .......#
#..# .......#### #..#
..........###########..##
#...............@{B.)...###
##...#############........#####
##### ######.......# ###..##.#
##o##.# #.##.# #>##.# ..##.#
..##.#


You could see a giant cockroach.

Vanquished Creatures
  An orc priest (D:2)
  5 orc wizards
  A howler monkey skeleton (D:4)
  5 adders
  2 dart slugs
  15 orcs
  2 ball pythons
  6 endoplasms
  4 giant cockroaches
  3 goblins
  4 hobgoblins
  6 kobolds
  A quokka (D:2)
  4 bats
  3 frilled lizards
  4 rats
66 creatures vanquished.

Notes
Turn   | Place    | Note
-------+----------+-------------------------------------------
     0 | D:1      | ytrimaz the Octopode Fighter began the quest for the Orb.
     0 | D:1      | Reached XP level 1. HP: 16/16 MP: 1/1
   132 | D:1      | Reached XP level 2. HP: 21/21 MP: 2/2
   309 | D:1      | Found a faded altar of an unknown god.
   408 | D:2      | Reached XP level 3. HP: 15/26 MP: 3/3
   594 | D:2      | Found an ornate altar of the Wu Jian Council.
   766 | D:2      | Reached XP level 4. HP: 29/31 MP: 4/4
  1455 | D:2      | Reached skill level 1 in Stealth
  1481 | D:2      | Reached XP level 5. HP: 14/36 MP: 5/5
  2015 | D:3      | Found a shadowy altar of Dithmenos.
  3097 | D:4      | Reached XP level 6. HP: 37/43 MP: 6/6
  3198 | D:4      | HP: 2/43 [something/magic dart (9)]
  3199 | D:4      | Slain by an orc wizard

Illustrated notes

Levels and vault maps discovered:
D:1:      enne_arrival_octagon_isle, layout_basic,
          hellmonk_ecumenical_altar_arch_garden, hex_medium
D:2:      layout_rooms, basic_altar
D:3:      layout_loops_ring, nicolae_dithmenos_through_a_glass_darkly
D:4:      kb_forest_paths, layout_rooms, general_overflow_altar,
          lemuel_doored_altar, kennysheep_generic_room_15

Skill      XL: |  1  2  3  4  5 |
---------------+----------------+-----
Short Blades   | 3 |  3.7
Stealth        | 1 2 |  2.8
Fighting       | 4 |  4.2
Dodging        | 4 |  4.1
Shields        | |  3.6

Action                   |  1- 3 |  4- 6 || total
-------------------------+-------+-------++-------
Melee: Rapier            |    50 |    89 ||   139
       Constrict         |     8 |    23 ||    31
       Tentacles         |     8 |    20 ||    28
  Use: Scroll            |     3 |     2 ||     5
       Potion            |       |     9 ||     9
 Stab: Sleeping          |     5 |     3 ||     8
Armor: Skin              |    10 |     7 ||    17
Dodge: Dodged            |    39 |    51 ||    90
Block: Buckler           |    11 |    11 ||    22

Table legend: (Time is in decaauts)
 A = Elapsed time spent in this place.
 B = Non-inter-level travel time spent in this place.
 C = Inter-level travel time spent in this place.
 D = Time resting spent in this place.
 E = Time spent auto-exploring this place.
 F = Levels seen in this place.
 G = Mean time per level.
                   A        B        C        D        E       F      G
               +--------+--------+--------+--------+--------+-----+--------+
         Total |   3217 |   3142 |     75 |    896 |   1679 |   4 |  804.2 |
       Dungeon |   3217 |   3142 |     75 |    896 |   1679 |   4 |  804.2 |
               +--------+--------+--------+--------+--------+-----+--------+

Top non-repeatable levels by time:
     D:3: 1094 daAuts
     D:1: 1030 daAuts
     D:2: 879 daAuts
     D:4: 213 daAuts
